 Dungeon Crawl Stone Soup version bcrawl-1.38.3 (webtiles) character file.

Game seed: 4177959828873134154

129659 Sensen the Slasher (level 5, -7/32 HPs)
             Began as a Skeleton Reaver on June 28, 2023.
             Was a Follower of Vehumet.
             Mangled by a wraith (13 damage)
             ... in an ossuary.
             The game lasted 00:07:54 (3571 turns).

Sensen the Slasher (Skeleton Reaver)                Turns: 3571, Time: 00:07:55

Health: -7/32      AC:  7    Str: 17 (18) XL:     5   Next: 63%
Magic:  0/11       EV: 12    Int: 13      God:    Vehumet [*.....]
Gold:   194        SH:  1    Dex:  7      Spells: 11/12 levels left

rFire    . . .     GDR:     18% a - +0 long sword
rCold    + . .     SeeInvis .   (no shield)
rNeg     + + +     Gourm    .   b - +0 steam dragon scales
rPois    ∞         Faith    .   (no helmet)
rElec    .         Spirit   +   (no cloak)
rCorr    .         Reflect  .   e - +0 pair of gloves
MR       .....                  m - +0 pair of boots (curse)
Stlth    +.........             (no amulet)
HPRegen  0.15/turn              (no ring)
MPRegen  0.12/turn              (no ring)

@: slowed, very slow
A: no food or potions, cold resistance 1, deterioration 1, negative energy
resistance 3, torment resistance, unbreathing, magic shield, sturdy frame 1,
spell healing
a: Renounce Religion


You were in an ossuary.
You worshipped Vehumet.
Vehumet was aware of your devotion.
You were not hungry.

You visited 1 branch of the dungeon, and saw 4 of its levels.
You also visited: Ossuary.

You collected 194 gold pieces.

Inventory:

Hand Weapons
 a - a +0 long sword (weapon)
 f - a cursed -1 dagger
Armour
 b - +0 steam dragon scales (worn)
 e - a +0 pair of gloves (worn)
 m - a cursed +0 pair of boots (worn)
Wands
 g - a wand of flame (14)
 h - a wand of acid (4)
Scrolls
 c - 4 scrolls of teleportation
 d - a scroll of immolation
 i - a scroll of fear {unknown}
 j - 2 scrolls of remove curse
 k - a scroll of enchant weapon
 l - a scroll of magic mapping
 n - 2 scrolls of blinking


   Skills:
 - Level 3.0 Fighting
 + Level 6.5 Long Blades
 - Level 3.0 Dodging
 + Level 4.4 Spellcasting
 + Level 2.5 Conjurations


You had 11 spell levels left.
You knew the following spells:

 Your Spells              Type           Power        Failure   Level  Hunger
a - Flame Tongue          Conj/Fire      #....        3%          1    N/A

Your spell library contained the following spells:

 Spells                   Type           Power        Failure   Level  Hunger
 Iskenderun's Battlesphe  Conj/Chrm      #.......     61%         5    N/A

Dungeon Overview and Level Annotations

Branches:
Dungeon (4/12)
 Temple: D:4-7

Altars:
Nemelex Xobeh
Qazlal
Sif Muna


Innate Abilities, Weirdness & Mutations

You do not eat or drink.
You are immune to poison.
Your flesh is cold resistant. (rC+)
Your body sometimes deteriorates upon taking damage.
You are immune to negative energy. (rN+++)
You are immune to unholy pain and torment.
You can survive without breathing.
When hurt, damage is shared between your health and your magic reserves.
Your movements are slightly less encumbered by armour. (ER -2)
Casting spells heals you.


Message History

You hit the wraith but do no damage.
The wraith is lightly damaged.
The wraith hits you. The wraith drains your vigour!
You feel yourself slow down.
You closely miss the wraith.
The wraith is lightly damaged.
The wraith hits you but does no damage. The wraith closely misses you.
You closely miss the wraith.
The wraith is lightly damaged.
The wraith closely misses you.
You hit the wraith but do no damage.
The wraith is lightly damaged.
The wraith hits you. The wraith hits you!
* * * LOW HITPOINT WARNING * * *
The wraith drains your vigour!
You feel as though you will be slow longer.
You closely miss the wraith.
The wraith is lightly damaged.
The wraith hits you!
You die...

###########################
#..........................
#..........................
#..####..###..###..###..###
#..#!'...#?#..#!#..#!#...'.
#..####..#W#..#'#..#'#..###
#........#@#..#.#..#.#.....
#..........................
#..####.......###.......###
#..# +....8...#!#...8....'.
#..####.......#'#.......###
#.............#.#..........
#..........................
..####..####.....####..###
#. #.'...#.'...8...'.#...'.


You could see a wraith.

Vanquished Creatures
  A human zombie (Ossuary)
  A hound (D:3)
  A worker ant (D:1)
  2 mummies (Ossuary)
  4 adders
  2 worms (D:2)
  A dart slug (D:3)
  4 leopard geckos
  An orc (D:3)
  3 ball pythons
  2 giant cockroaches
  A gnoll zombie (Ossuary)
  10 hobgoblins
  3 kobolds (D:3)
  3 quokkas (D:3)
  6 bats
  3 frilled lizards (D:3)
  4 goblins
  2 goblin zombies (Ossuary)
  2 hobgoblin zombies (Ossuary)
  2 kobold zombies (Ossuary)
  7 rats
65 creatures vanquished.

Notes
Turn   | Place    | Note
-------+----------+-------------------------------------------
     0 | D:1      | Sensen the Skeleton Reaver began the quest for the Orb.
     0 | D:1      | Reached XP level 1. HP: 14/14 MP: 4/4
   108 | D:1      | Reached skill level 4 in Long Blades
   221 | D:1      | Reached XP level 2. HP: 15/19 MP: 6/6
  1008 | D:1      | Reached skill level 5 in Long Blades
  1008 | D:1      | Reached XP level 3. HP: 14/23 MP: 4/7
  1532 | D:2      | Found a shimmering blue altar of Sif Muna.
  1594 | D:2      | Reached XP level 4. HP: 6/28 MP: 1/9
  1861 | D:2      | Reached * piety under Vehumet
  1861 | D:2      | Offered knowledge of Flame Tongue by Vehumet.
  1864 | D:2      | Learned a level 1 spell: Flame Tongue
  2154 | D:3      | Found a sparkling altar of Nemelex Xobeh.
  2388 | D:3      | Found a faded altar of an unknown god.
  2536 | D:3      | Reached skill level 6 in Long Blades
  2536 | D:3      | Reached skill level 1 in Conjurations
  2630 | D:3      | Found a glowing golden altar of the Shining One.
  2718 | D:3      | Reached XP level 5. HP: 25/32 MP: 6/11
  3122 | D:4      | Found a stormy altar of Qazlal.
  3127 | D:4      | Found a sand-covered staircase.
  3132 | Ossuary  | Entered an ossuary
  3132 | Ossuary  | Noticed a wraith
  3132 | Ossuary  | Noticed a wraith
  3132 | Ossuary  | Noticed a wraith
  3548 | Ossuary  | Noticed a wraith
  3571 | Ossuary  | Mangled by a wraith

Skill      XL: |  1  2  3  4  5 |
---------------+----------------+-----
Long Blades    | 4 5 6 |  6.5
Spellcasting   | 4 |  4.4
Conjurations   | 1 2 |  2.5
Fighting       | |  3.0
Dodging        | |  3.0

Action                   |  1- 3 |  4- 6 || total
-------------------------+-------+-------++-------
Melee: Long sword        |   113 |   171 ||   284
 Cast: Flame Tongue      |       |    27 ||    27
  Use: Scroll            |       |     5 ||     5
Armor: Steam dragon scal |    51 |    40 ||    91
Dodge: Dodged            |    96 |    98 ||   194
Block: Other             |       |     2 ||     2
